 Dungeon Crawl Stone Soup version 0.25-a0-634-gd1561dc703 (webtiles) character file.

Game seed: 14071908509824813570, levelgen mode: deterministic

86 DasRunzen the Poker (level 4, -5/38 HPs)
             Began as a Draconian Gladiator on Mar 20, 2020.
             Slain by Sigmund
             ... wielding a +0 scythe
              (9 damage)
             ... on level 3 of the Dungeon.
             The game lasted 00:05:15 (1407 turns).

DasRunzen the Poker (Draconian Gladiator)           Turns: 1407, Time: 00:05:16

Health: -5/38      AC:  5    Str: 16    XL:     4   Next: 26%
Magic:  3/6        EV: 13    Int: 10    God:
Gold:   58         SH:  0    Dex: 15    Spells: 5/6 levels left

rFire    . . .     SeeInvis .   a - +0 trident
rCold    . . .     Gourm    .   (no shield)
rNeg     . . .     Faith    .   (armour unavailable)
rPois    +         Spirit   .   b - +0 hat
rElec    .         Reflect  .   (no cloak)
rCorr    .         Harm     .   (no gloves)
MR       .....                  (no boots)
Stlth    +.........             (no amulet)
HPRegen  0.12/turn              e - +3 ring of dexterity
MPRegen  0.10/turn              (no ring)

@: very slightly contaminated
A: unfitting armour, horns 1, blink, sense surroundings 1, poison resistance,
cold-blooded, AC +5
a: Blink


You were on level 3 of the Dungeon.
You were not hungry.

You visited 1 branch of the dungeon, and saw 3 of its levels.

You collected 58 gold pieces.

Inventory:

Hand Weapons
 a - a +0 trident (weapon)
Missiles
 c - 3 throwing nets (quivered)
Armour
 b - a +0 hat (worn)
Jewellery
 e - a +3 ring of dexterity (left hand)
Potions
 f - a potion of ambrosia
 h - a potion of curing
 j - a potion of berserk rage {unknown}
Comestibles
 d - 6 rations


   Skills:
 + Level 3.1 Fighting
 + Level 3.5 Polearms
 - Level 1.7 Throwing
 + Level 3.3 Dodging
 + Level 1.5 Spellcasting
 + Level 0.2 Conjurations


You had 5 spell levels left.
You knew the following spells:

 Your Spells              Type           Power        Failure   Level  Hunger
a - Magic Dart            Conj           #...         30%         1    ##.....

Your spell library contained the following spells:

 Spells                   Type           Power        Failure   Level  Hunger
 Blink                    Tloc           N/A          45%         2    ###....
 Call Imp                 Summ           #.......     45%         2    ###....
 Slow                     Hex            #.......     45%         2    ###....
 Conjure Flame            Conj/Fire      #.......     67%         3    ####...
 Mephitic Cloud           Conj/Pois/Air  #.......     67%         3    ####...


Dungeon Overview and Level Annotations

Branches:
Dungeon (3/15)

Altars:

Annotations:
D:3 Sigmund


Innate Abilities, Weirdness & Mutations

Your plain brown scales are hard. (AC +5)
You cannot fit into any form of body armour.
You are cold-blooded and may be slowed by cold attacks.
You have a pair of small horns on your head.
You can translocate small distances at will.
You passively map a small area around you.
Your system is resistant to poisons. (rPois)


Message History

Press: ? - help, Dir - move target cursor, f/p - Sigmund
Aim: Sigmund, wielding a +0 scythe and wearing a +0 robe (severely wounded)
You reach to attack!
You hit Sigmund.
Sigmund is almost dead.
Sigmund gestures wildly while chanting.
Sigmund flickers and vanishes!
Deactivating autopickup; reactivate with Ctrl-A.
Something hits you!
* * * LOW HITPOINT WARNING * * *
Attack whom?
Press: ? - help, Dir - move target cursor You reach to attack!
You closely miss something.
Attack whom?
Press: ? - help, Dir - move target cursor You reach to attack!
You closely miss something. Something hits you.
* * * LOW HITPOINT WARNING * * *
Attack whom?
Press: ? - help, Dir - move target cursor You reach to attack!
You miss something. Something hits you!
You die...

#.##†# *
#.##.######## ,
#.##.....)..#
#.##..#####.# *
#..# #.# #..# #.#
*, #..# #{# , #..#
###.#### * * #..#
#...@..######. ,,
...# #.#†..........
,.......##........,
* ...(.........(...
,........##########
* ######### *


There were no monsters in sight!

Vanquished Creatures
  2 adders
  A worm (D:2)
  A leopard gecko (D:3)
  A ball python (D:3)
  7 bats
  2 giant cockroaches (D:2)
  9 goblins
  9 hobgoblins
  6 jackals
  3 frilled lizards (D:1)
  5 kobolds
  15 rats
61 creatures vanquished.

Notes
Turn   | Place    | Note
-------+----------+-------------------------------------------
     0 | D:1      | DasRunzen the Draconian Gladiator began the quest for the
                  | Orb.
     0 | D:1      | Reached XP level 1. HP: 17/17 MP: 1/1
   478 | D:1      | Reached XP level 2. HP: 24/25 MP: 2/2
   566 | D:1      | Reached skill level 1 in Spellcasting
   706 | D:1      | Reached XP level 3. HP: 30/30 MP: 4/4
  1282 | D:2      | Gained mutation: You have a pair of small horns on your
                  | head. [potion of mutation]
  1282 | D:2      | Gained mutation: You can translocate small distances at
                  | will. [potion of mutation]
  1282 | D:2      | Gained mutation: Your system is resistant to poisons.
                  | (rPois) [potion of mutation]
  1282 | D:2      | Gained mutation: You passively map a small area around you.
                  | [potion of mutation]
  1320 | D:3      | Reached XP level 4. HP: 30/38 MP: 6/6
  1341 | D:3      | Learned a level 1 spell: Magic Dart
  1390 | D:3      | Noticed Sigmund
  1407 | D:3      | Slain by Sigmund

Levels and vault maps discovered:
D:1:      dpeg_arrival_chambers_temple_mockup, layout_basic,
          minmay_misc_feat_alley, st_stairs_8
D:2:      layout_rooms, first_ration, columned_hall_lemuel
D:3:      layout_loops_ring, uniq_sigmund, uniq_natasha, uniq_jessica

Skill      XL: |  1  2  3 |
---------------+----------+-----
Dodging        | 3 |  3.3
Spellcasting   | 1 |  1.5
Fighting       | 3 |  3.1
Polearms       | |  3.5
Throwing       | |  1.7
Conjurations   | |  0.2

Action                   |  1- 3 |  4- 6 || total
-------------------------+-------+-------++-------
Melee: Trident           |   153 |    29 ||   182
       Tailslap          |    15 |     3 ||    18
       Headbutt          |       |     2 ||     2
 Cast: Magic Dart        |       |     2 ||     2
  Use: Scroll            |     4 |       ||     4
       Potion            |     1 |       ||     1
 Stab: Distracted        |     1 |       ||     1
  Eat: Chunk             |     2 |       ||     2
Armor: Skin              |    35 |     2 ||    37
Dodge: Dodged            |    91 |    14 ||   105

Table legend:
 A = Non-vault XP
 B = Vault XP
 C = Vault XP percentage of total XP
 D = Non-vault monster count
 E = Vault monster count
 F = Vault count percentage of total count
                 A         B        C        D         E       F
            +---------+---------+-------+---------+---------+-------
      Total |     121 |       2 |   1.6 |      59 |       2 |   3.3
            +---------+---------+-------+---------+---------+-------
        D:1 |      43 |       2 |   4.4 |      30 |       2 |   6.2
        D:2 |      50 |       0 |   0.0 |      20 |       0 |   0.0
        D:3 |      28 |       0 |   0.0 |       9 |       0 |   0.0
            +---------+---------+-------+---------+---------+-------
